 Dungeon Crawl Stone Soup version 0.31-a0-460-g9e667d4245 (webtiles) character file.

Game seed: 7949619375695237704

203 MisterAzrael the Ruffian (level 5, -8/34 HPs)
             Began as an Octopode Shapeshifter on Aug 4, 2023.
             Mangled by an ogre
             ... wielding a +0 giant spiked club
              (22 damage)
             ... on level 5 of the Dungeon.
             The game lasted 00:02:15 (3254 turns).

MisterAzrael the Ruffian (Octopode Shapeshifter)    Turns: 3254, Time: 00:02:15

Health: -8/34      AC:  1    Str: 23    XL:     5   Next: 81%
Magic:  5/5        EV: 13    Int: 10    God:
Gold:   227        SH:  0    Dex: 12    Spells: 4/4 levels left

rFire   . .          .
                       - Unarmed
rCold   . . .        (no shield)
rNeg    . . .        (helmet currently unavailable)
rPois   .            r - amulet of magic regeneration
rElec   .            p - +6 ring of strength
rCorr   .            (no ring)
SInv    .            (no ring)
Will    .....        (no ring)
Stlth   ++           (no ring)
HPRegen 0.25/turn    (no ring)
MPRegen 0.49/turn    (no ring)
                     (no ring)

%: no passive effects
@: beast-form, marked
A: beast (slay +2), almost no armour, amphibious, 8 rings, camouflage 1,
gelatinous body 1, (nimble swimmer 1), tentacles
a: Begin Untransformation


You were on level 5 of the Dungeon.
You were a hulking beast.
You visited 1 branch of the dungeon, and saw 5 of its levels.

You collected 227 gold pieces.

Inventory:

Missiles
 i - 6 javelins
 o - 12 poisoned darts
Jewellery
 p - a +6 ring of strength (left tentacle)
 r - an amulet of magic regeneration (around mantle)
Talismans
 b - a beast talisman (active)
Scrolls
 c - a scroll of poison {unknown}
 d - 4 scrolls of identify {unknown}
 e - a scroll of blinking {unknown}
 f - 2 scrolls of enchant weapon {unknown}
 j - a scroll of teleportation {unknown}
 k - 2 scrolls of torment {unknown}
 q - a scroll of acquirement {unknown}
Potions
 a - a potion of lignification
 g - 4 potions of curing {unknown}
 h - 2 potions of heal wounds {unknown}
 l - a potion of mutation {unknown}
 m - a potion of haste {unknown}
 n - a potion of enlightenment {unknown}


   Skills:
 + Level 2.2 Fighting
 + Level 2.0 Throwing
 + Level 3.0 Dodging
 * Level 4.3 Unarmed Combat
 + Level 3.5 Shapeshifting


You had 4 spell levels left.
You didn't know any spells.
Your spell library was empty.

Dungeon Overview and Level Annotations

Branches:
Dungeon (5/15)
 Temple: D:4-7

Altars:
Kikubaaqudgha


Innate Abilities, Weirdness & Mutations

You are a hulking beast.
Your limbs bulge with bestial killing power. (Slay +2)
You cannot wear most types of armour.
You are amphibious.
You can wear up to eight rings at the same time.
Your skin changes colour to match your surroundings (Stealth+).
Your rubbery body absorbs attacks. (AC +1, EV +1)
((You are camouflaged when in or above water. (Stealth+)))
You have tentacles for arms and can constrict up to eight enemies at once.


Message History

No target in view!
An orc comes into view. It is wielding a +0 club.
An orc is nearby!
An orc comes into view. It is wielding a +0 dagger.
The orc shouts!
You hear a shout!
An orc priest comes into view. It is wielding a +0 dagger.
The orc shouts!
Found 12 gold pieces.
You tentacle-slap the orc.
You kill the orc!
The orc priest invokes the aid of Beogh against you.
You barely resist. The orc misses you.
You bludgeon the orc!
You kill the orc!
The orc priest hits you with a +0 dagger.
You tentacle-slap the orc priest but do no damage.
You grab the orc priest. You squeeze the orc priest!
The orc priest is severely wounded.
You constrict the orc priest.
The orc priest hits you with a +0 dagger.
You bludgeon the orc priest!
You kill the orc priest!
Your Throwing skill increases to level 2!
Your Dodging skill increases to level 3!
No target in view!
You now have 227 gold pieces (gained 12).
A sourceless malevolence fills the Dungeon...
With a horrendous wail, an alarm goes off!
A sentinel's mark forms upon you.
You hear an angry hiss.
You hear a shout! x6; You hear a bark!
You see here a +0 dagger of freezing.
An ogre comes into view. It is wielding a +0 giant spiked club.
An ogre is nearby!
The ogre hits you with a +0 giant spiked club!!
Ouch! That really hurt!
You tentacle-slap the ogre.
The ogre is lightly wounded.
The ogre hits you with a +0 giant spiked club!!
Ouch! That really hurt!
You die...

...
...#...#####.#
###.##..#.#.#
.
........#.#.#
####.....#.#.#
.........#.#..
#.....)#.#.##
#........#..
#....#.###O#
#....#.# #h#
#.#.##.# #.#
#.#.##.###.#
#.#....#...#
#.######.###
#........#
#.##.#####
######


You could see an ogre.

Vanquished Creatures
  2 orc priests
  Terence (D:3)
  An iguana (D:4)
  3 adders
  An ufetubus (D:5)
  A worm (D:2)
  5 orcs
  8 ball pythons
  An endoplasm (D:1)
  4 giant cockroaches
  6 hobgoblins
  6 jackals (D:2)
  2 quokkas
  3 bats
  A frilled lizard (D:2)
  5 goblins
  5 kobolds
  3 rats
58 creatures vanquished.

Notes
Turn   | Place    | Note
-------+----------+-------------------------------------------
     0 | D:1      | MisterAzrael the Octopode Shapeshifter began the quest for
                  | the Orb.
     0 | D:1      | Reached XP level 1. HP: 13/13 MP: 1/1
   194 | D:1      | Reached XP level 2. HP: 18/18 MP: 2/2
  1042 | D:2      | Reached XP level 3. HP: 23/23 MP: 3/3
  1337 | D:2      | Reached skill level 1 in Throwing
  2164 | D:3      | Reached XP level 4. HP: 26/29 MP: 4/4
  2339 | D:3      | Found an ancient bone altar of Kikubaaqudgha.
  2393 | D:3      | Noticed Terence
  2400 | D:3      | Killed Terence
  2664 | D:4      | Reached skill level 4 in Unarmed Combat
  2664 | D:4      | Reached XP level 5. HP: 22/34 MP: 5/5
  3039 | D:5      | Entered Level 5 of the Dungeon
  3250 | D:5      | Noticed an ogre
  3254 | D:5      | Mangled by an ogre

Illustrated notes

Levels and vault maps discovered:
D:1:      dpeg_arrival_pits, layout_loops_ring, minmay_misc_feat_hallway
D:2:      layout_loops_corners
D:3:      layout_basic, mainiacjoe_overflow_six_doors_small, uniq_terence
D:4:      layout_basic, kennysheep_generic_room_11
D:5:      cheibrodos_two_vegetables, layout_basic, uniq_pikel, uniq_sigmund

Skill      XL: |  1  2  3  4  5 |
---------------+----------------+-----
Throwing       | 1 2 |  2.0
Fighting       | 2 |  2.2
Unarmed Combat | 4 |  4.3
Dodging        | 3 |  3.0
Shapeshifting  | |  3.5

Action                     |  1- 3 |  4- 6 || total
---------------------------+-------+-------++-------
  Melee: Unarmed           |    75 |    32 ||   107
         Constrict         |    15 |    10 ||    25
         Tentacles         |     8 |     8 ||    16
         Punch             |     4 |     3 ||     7
   Stab: Sleeping          |     8 |     1 ||     9
         Distracted        |     1 |       ||     1
 Armour: Skin              |     3 |       ||     3
  Dodge: Dodged            |    41 |    11 ||    52

Table legend: (Time is in decaauts)
 A = Elapsed time spent in this place.
 B = Non-inter-level travel time spent in this place.
 C = Inter-level travel time spent in this place.
 D = Time resting spent in this place.
 E = Time spent auto-exploring this place.
 F = Levels seen in this place.
 G = Mean time per level.
                   A        B        C        D        E       F      G
               +--------+--------+--------+--------+--------+-----+--------+
         Total |   3245 |   3088 |    157 |     62 |   2629 |   5 |  649.0 |
       Dungeon |   3245 |   3088 |    157 |     62 |   2629 |   5 |  649.0 |
               +--------+--------+--------+--------+--------+-----+--------+

Top non-repeatable levels by time:
     D:3: 952 daAuts
     D:2: 938 daAuts
     D:1: 724 daAuts
     D:4: 416 daAuts
     D:5: 213 daAuts
